 Dungeon Crawl Stone Soup version 0.23.1 (webtiles) character file.

Game seed: 0

651320 Lauz the Swordmaster (level 27, 0/191 HPs)
             Began as a Minotaur Berserker on Mar 16, 2019.
             Was the Champion of Trog.
             Killed from afar by a starcursed mass (5 damage)
             ... with an accursed screaming
             ... summoned by an orange crystal statue
             ... while paralysed by accursed screaming
             ... on level 3 of the Abyss on Mar 18, 2019.
             The game lasted 04:59:31 (71443 turns).

Lauz the Swordmaster (Minotaur Berserker)          Turns: 71443, Time: 04:59:31

Health: 0/191      AC: 46    Str: 33 (34) XL:     27
Magic:  3/15       EV:  2    Int: -25 (0) God:    Trog [******]
Gold:   7301       SH:  0    Dex: 16 (17) Spells: 26/26 levels left

rFire    + + +     SeeInvis .   Y - +9 triple sword (holy)
rCold    + . .     Gourm    .   (shield currently unavailable)
rNeg     + + .     Faith    .   N - +9 gold dragon scales
rPois    +         Spirit   .   (helmet unavailable)
rElec    .         Reflect  .   A - +2 cloak {MR+}
rCorr    .         Harm     .   z - +2 pair of gloves {Str+3}
MR       ++++.     Rnd*Rage +   P - +4 pair of boots of Mipiat {Dex+4}
Stlth    ..........             e - macabre finger necklace {rN+}
HPRegen  0.00/turn              Z - ring "Iduohu" {MR+ Str+3 Stlth+}
MPRegen  0.14/turn              T - ring "Mautt" {*Corrode rN+ EV+5 Dex+4 Stlth+}
                                M - ring of protection from fire

@: paralysed, berserk cooldown, non-regenerating, mildly diseased, slowed, lost
intelligence, studying 2 skills
A: retaliatory headbutt, horns 3, molten scales 1, [berserk 3], blurry vision
1[+2], [clumsy 2], [deformed body], [deterioration 2], [dopey 2], fire
resistance 1, [frail 3], [low mp 3], [screaming 3], [inhibited regeneration],
[weak 2], no potion heal 1, [subdued magic 3], MP-powered wands
}: 3/15 runes: serpentine, barnacled, silver
a: Berserk, Trog's Hand, Brothers in Arms, Renounce Religion


You were on level 3 of the Abyss.
You worshipped Trog.
Trog was exalted by your worship.
You were near starving.

You visited 10 branches of the dungeon, and saw 49 of its levels.
You visited the Abyss 2 times.
You also visited: Sewer, Gauntlet and Ice Cave.

You collected 8957 gold pieces.
You spent 1656 gold pieces at shops.

Inventory:

Hand Weapons
 y - a +6 triple sword of freezing
 F - the +9 arbalest of a Gauntlet {elec, rF+ MR++}
   (You found it on level 2 of the Crypt)

   It charges the ammunition it shoots with electricity; occasionally upon a
   hit, such missiles may discharge and cause terrible harm.
   It protects you from fire.
   It affects your resistance to hostile enchantments.
 H - a +4 triple sword of flaming
 I - the +9 heavy crossbow "Sniper" {velocity, Acc+∞ SInv}
   (You took it off a merfolk siren on level 4 of the Shoals)

   Any bolt fired from it inflicts extra damage.
   It lets you see invisible.
 L - the +23 sword of Power
   (Trog gifted it to you on level 3 of the Crypt)
 X - the +11 plutonium sword {*Contam Stlth-}
   (Trog gifted it to you on level 15 of the Dungeon)

   It causes magical contamination when unequipped.
   It makes you less stealthy.
 Y - a +9 triple sword of holy wrath (weapon)
Missiles
 U - 27 javelins of returning (quivered)
Armour
 z - a +2 pair of gloves of strength (worn)
 A - a +2 cloak of magic resistance (worn)
 N - +9 gold dragon scales (worn)
 P - the +4 pair of boots of Mipiat (worn) {Dex+4}
   (You found it in a Gauntlet)

   It affects your dexterity (+4).
 W - the +2 pair of gloves "Oreuxepa" {rC+, unknown}
   (You found it on level 3 of the Abyss)

   It protects you from cold.
Jewellery
 e - the macabre finger necklace (around neck) {rN+}
   (You took it off a deep elf high priest on level 3 of the Elven Halls)

   [amulet of nothing]

   It protects you from negative energy.
 m - the ring of Suspicion {*Corrode +Fly rElec rN+}
   (You took it off a deep elf high priest on level 3 of the Elven Halls)

   [ring of flight]

   It insulates you from electricity.
   It protects you from negative energy.
   It lets you fly.
   It may corrode you when you take damage.
 u - an uncursed ring of protection from cold
 v - a +4 ring of slaying
 M - a ring of protection from fire (on amulet)
 O - an uncursed ring of protection from magic
 Q - the ring "Miref" {Str+5 SInv Stlth-}
   (You took it off a fire giant on level 5 of the Vaults)

   [ring of attention]

   It affects your strength (+5).
   It lets you see invisible.
   It makes you less stealthy.
 S - the ring of Shadows {Umbra +Inv Stlth+}
   (You took it off a deep elf annihilator on level 3 of the Elven Halls)

   [ring of stealth]

   It lets you turn invisible.
   It makes you more stealthy.
 T - the ring "Mautt" (right hand) {*Corrode rN+ EV+5 Dex+4 Stlth+}
   (You found it in a Gauntlet)

   [ring of evasion]

   It affects your evasion (+5).
   It affects your dexterity (+4).
   It protects you from negative energy.
   It may corrode you when you take damage.
   It makes you more stealthy.
 Z - the ring "Iduohu" (left hand) {MR+ Str+3 Stlth+}
   (You found it on level 5 of the Lair of Beasts)

   [ring of stealth]

   It affects your strength (+3).
   It affects your resistance to hostile enchantments.
   It makes you more stealthy.
Wands
 a - a wand of iceblast (50)
 o - a wand of acid (50)
 E - a wand of digging (27)
Scrolls
 d - 8 scrolls of fear
 f - 14 scrolls of teleportation
 i - 6 scrolls of fog
 j - 7 scrolls of enchant armour
 l - 16 scrolls of remove curse
 n - 9 scrolls of magic mapping
 p - 4 scrolls of blinking
 x - 5 scrolls of enchant weapon
 B - 2 scrolls of holy word
 C - 3 scrolls of identify
 D - a scroll of silence
 V - a scroll of summoning
Potions
 g - 5 potions of flight
 h - 9 potions of ambrosia
 k - 11 potions of curing
 q - 8 potions of heal wounds
 r - 3 potions of agility
 s - a potion of might
 t - 2 potions of brilliance
 w - 3 potions of resistance
 G - 7 potions of haste
 K - 2 potions of cancellation
 R - 2 potions of invisibility
Books
 b - a manual of Unarmed Combat
 J - a manual of Throwing
Comestibles
 c - 74 rations


   Skills:
 O Level 27 Fighting
   Level 0.7(17.4) Short Blades
 O Level 27 Long Blades
 - Level 1.1 Crossbows
 + Level 7.0 Throwing
 O Level 27 Armour
 * Level 24.5 Dodging
 - Level 0.2 Evocations


You had 26 spell levels left.
You didn't know any spells.
Your spell library was empty.

Dungeon Overview and Level Annotations

Branches:
Dungeon (15/15)            Temple (0/1) D:7            Lair (5/6) D:10
 Shoals (4/4) Lair:2        Snake (4/4) Lair:2        Slime (3/5) Lair:5
    Orc (2/2) D:12            Elf (3/3) Orc:2        Vaults (5/5) D:13
  Crypt (3/3) Vaults:2       Tomb (0/3) Crypt:3      Depths (5/5) D:15
    Zot (0/5) Depths:5

Altars:
Ashenzari
Cheibriados
Dithmenos
Elyvilon
Fedhas
Kikubaaqudgha
Okawaru
Qazlal
Ru
Trog
Uskayaw
Vehumet
Yredelemnul
Zin
The Shining One
Beogh
Jiyva

Shops:
D:6 *   D:7 %   D:10 =   D:11 :   D:13 *   D:14 !   Orc:2 ((}?%   Elf:2 :
Shoals:1 ((}   Snake:3 [   Vaults:4 :   Depths:3 %=*

Portals:
Hell: Depths:1 Depths:2 Depths:3 Depths:4 Depths:5
Abyss: Depths:2 Depths:4
Pandemonium: Depths:3
Ziggurat: Depths:1
Trove: Depths:3 (give 14 potions of heal wounds)

Annotations:
Depths:4 5 transporters


Innate Abilities, Weirdness & Mutations

You reflexively headbutt those who attack you in melee.
You have a pair of large horns on your head.
You are partially covered in molten scales. (AC +2)
Your flesh is heat resistant. (rF+)
Potions are less effective at restoring your health.
You expend magic power (3 MP) to strengthen your wands.
[You have an uncontrollable temper.]
[Scrolls take you much longer to read.]
[You are very clumsy. (Dex -4)]
[Armour fits poorly on your strangely shaped body.]
[Your body often deteriorates upon taking damage.]
[You are very dopey. (Int -4)]
[You are extremely frail. (-30% HP)]
[Your magical capacity is extremely low. (-30% MP)]
[You frequently scream uncontrollably at your foes.]
[You do not regenerate when monsters are visible.]
[You are very weak. (Str -4)]
[Your spells are much easier to cast, but much less powerful.]


Message History

The insubstantial wisp gives a chilling moan.
The quasit disappears in a puff of smoke!
The ancient zyme completely misses you. x2
The starcursed mass completely misses you.
You riposte.
You chop the starcursed mass into pieces!!!
You destroy the starcursed mass!
The starcursed mass engulfs you but does no damage.
A starcursed mass splits.
The ancient zyme closely misses you. x2
There is an open door here.
The starcursed mass misses you. You furiously retaliate!
You headbutt the starcursed mass, but do no damage.
A cacophony of accursed wailing tears at your sanity!
* * * LOW HITPOINT WARNING * * *
You suddenly lose the ability to move!
You hear some strange, mumbled words.
The insubstantial wisp hits you but does no damage.
A cacophony of accursed wailing tears at your sanity!
You die...

##. ..# . #.# #
###.#########.# .#
####.............# .
#.[##...Xv@# #.
#.)..#v##X###
...####..#...xu...#
#### ##.#...ZXX...#
.≈8≈5####2.XX..#.#
..≈≈53.##X....[...#
..55 3X.#xX.#.....#
#..5.x52.4X.......# #
....ZX............#..


You could see 9 starcursed masses, a green very ugly thing, a reaper, an ancient
zyme, a chaos spawn, a small abomination, 2 insubstantial wisps and a shock
serpent zombie.

Vanquished Creatures
  Mara (Vaults:5)
  A juggernaut (Depths:3)
  3 ancient liches
  The ghost of dhn the Hoplite, a veteran MiFi (Crypt:2)
  Sojobo (Depths:5)
  A greater mummy (Crypt:3)
  Boris (5 times) (Depths:4 Depths:5 Crypt:1 Crypt:2 Vaults:5)
  Saint Roka (Vaults:4)
  Frederick (Vaults:4)
  Xtahua (Depths:3)
  A caustic shrike (Depths:3)
  4 golden dragons
  A profane servitor (Abyss:4)
  The ghost of EtherCrawl the Gnoll Aeon, a veteran GnEn of Cheibriados (Elf:3)
  The ghost of poirepourri the Shatterer, a veteran GrFi of Cheibriados (Elf:3)
  3 bone dragons
  A doom hound (Depths:2)
  An iron giant (Depths:3)
  3 tentacled monstrosities
  5 liches
  A Hell Sentinel (Abyss:4)
  A hellephant (Abyss:5)
  Asterion (Snake:4)
  A quicksilver dragon (Vaults:5)
  2 deep elf blademasters
  7 acid blobs
  3 titans (Vaults:5)
  The ghost of Lauz the Minotaur Blade, an adept MiBe of Trog (Elf:3)
  17 tentacled starspawn
  A kraken (Shoals:1)
  6 shadow dragons (Vaults:5)
  Kirke (Snake:1)
  12 sphinxes
  Agnes (Elf:1)
  8 tengu reavers
  5 ancient champions
  4 storm dragons
  4 azure jellies
  10 nagarajas
  3 revenants
  11 fire giants
  8 deep elf sorcerers
  10 frost giants
  A draconian knight (Depths:5)
  Aizul (Shoals:1)
  3 curse skulls
  A draconian scorcher (Depths:5)
  2 iron dragons (Vaults:5)
  7 vault wardens
  A balrug (Abyss:4)
  The ghost of Xifurr the Carver, an adept VSFi of Gozag (Depths:3)
  4 ghouls
  An emperor scorpion (Depths:5)
  8 deep elf elementalists
  Louise (D:15)
  A draconian shifter (Abyss:1)
  A reaper (Depths:2)
  6 ironheart preservers
  A caustic shrike skeleton (Crypt:2)
  4 spriggan defenders
  4 war gargoyles
  A draconian annihilator (Depths:5)
  15 very ugly things
  3 entropy weavers
  2 vampire knights
  13 stone giants
  2 green draconians
  2 deep elf demonologists (Elf:3)
  Nessos (D:13)
  Azrael (Snake:3)
  A black draconian (Depths:5)
  A lorocyproca (Abyss:1)
  18 dire elephants
  The ghost of vatarom the Destroyer, a journeyman DrCj of Vehumet (Lair:5)
  3 minotaurs
  12 deep elf annihilators
  The ghost of pedritolo the Destroyer, a journeyman HuCj of Xom (Lair:2)
  A red draconian (Depths:5)
  19 ettins
  2 eidola
  12 fire dragons
  2 green deaths
  11 jiangshi
  5 merfolk impalers
  5 merfolk javelineers
  8 deep elf death magi
  A quicksilver dragon zombie (Crypt:1)
  3 mummy priests (Crypt:3)
  18 great orbs of eyes
  8 deep elf high priests
  Harold (D:8)
  Erolcha (D:9)
  4 rakshasas
  19 yaktaur captains
  14 hydras
  A quicksilver dragon skeleton (Crypt:2)
  24 vault guards
  15 ice dragons
  15 naga warriors
  3 spriggan air magi
  7 death knights
  A queen ant (Depths:3)
  7 anacondas
  3 catoblepae
  7 merfolk aquamancers (Shoals:4)
  49 two-headed ogres
  2 alligator snapping turtles
  7 centaur warriors
  15 ogre magi
  9 deep troll earth magi
  23 dancing weapons
  20 thrashing horrors
  6 deep troll shamans
  4 death yaks
  6 satyrs
  A storm dragon zombie (Crypt:2)
  2 spriggan berserkers (Depths:4)
  A shock serpent (Snake:1)
  9 naga sharpshooters
  8 vampire magi
  3 soul eaters
  23 deep elf knights
  Nergalle (Lair:1)
  3 shadow wraiths
  2 death drakes
  A titan skeleton (Crypt:2)
  29 skeletal warriors
  An anaconda zombie (Abyss:2)
  2 salamander mystics
  4 iron trolls
  6 hell knights
  3 sixfirhies (Abyss:2)
  4 flayed ghosts
  The ghost of Dymajig the Grappler, a novice VSTm of Cheibriados (Lair:1)
  8 wretched stars
  A spark wasp zombie (Crypt:2)
  2 unseen horrors
  6 glowing orange brains
  10 sea snakes
  A storm dragon skeleton (Crypt:2)
  A glowing orange brain (shapeshifter) (Vaults:5)
  24 deep trolls
  6 wizards
  2 swamp dragons
  A swamp dragon (shapeshifter) (Vaults:5)
  An orange crystal statue (D:13)
  The ghost of MordorOrchid the Insei, a novice OpTm of Gozag (D:7)
  Pikel (D:8)
  10 ironbrand convokers
  6 naga ritualists
  2 shadow demons
  9 phantasmal warriors
  An obsidian statue (Vaults:1)
  2 anaconda skeletons (Crypt:2)
  10 orc knights
  A golden dragon skeleton (Crypt:1)
  A harpy (shapeshifter) (Vaults:1)
  12 deep elf archers
  22 harpies
  An oklob plant (Lair:5)
  4 necromancers
  10 orc sorcerers
  14 mana vipers
  5 shining eyes
  25 manticores
  3 wolf spider zombies
  2 iron dragon zombies
  A shadow dragon skeleton (Crypt:2)
  A sphinx zombie (Depths:1)
  2 human zombies
  2 tengu skeletons
  52 deep elf magi
  A stone giant skeleton (Crypt:2)
  A moth of wrath (Lair:5)
  3 wolf spiders
  3 worldbinders
  8 cyclopes
  5 elephants
  3 iron dragon skeletons (Crypt:2)
  15 fauns
  22 large abominations
  8 salamanders
  48 ugly things
  A salamander (shapeshifter) (Gauntlet)
  A fire giant skeleton (Crypt:2)
  23 black mambas
  Maurice (D:9)
  An elephant (shapeshifter) (Gauntlet)
  8 vault sentinels
  16 merfolk sirens
  10 guardian serpents
  23 naga magi
  4 ice statues
  3 guardian serpents (shapeshifter)
  An apocalypse crab (Abyss:2)
  An elephant slug zombie (Crypt:1)
  2 human skeletons
  5 water nymphs
  3 gargoyles
  5 spectral swamp worms (Depths:5)
  2 water nymphs (shapeshifter)
  An eye of devastation (shapeshifter) (Depths:5)
  4 kobold demonologists
  7 smoke demons
  A yaktaur (shapeshifter) (Vaults:2)
  10 komodo dragons
  10 freezing wraiths
  8 spiny frogs
  2 orange demons
  5 rime drakes
  3 efreet
  A spriggan zombie (Depths:1)
  4 hellwings
  3 tengu conjurers
  34 yaktaurs
  A demonic crawler (Abyss:4)
  A redback zombie (D:14)
  A pale draconian skeleton (Crypt:3)
  A minotaur skeleton (Crypt:1)
  2 red devils
  27 guardian mummies (Crypt:3)
  4 trolls
  7 ancient zymes
  4 meliai
  A polar bear (shapeshifter) (Abyss:2)
  2 tyrant leeches
  2 wind drakes (shapeshifter) (Vaults:3)
  A queen bee (D:15)
  A harpy skeleton (Crypt:2)
  18 merfolk
  9 hornets
  A tengu simulacrum (Vaults:5)
  4 polar bears
  6 wind drakes
  21 slime creatures
  9 bog bodies (Crypt:3)
  13 snapping turtles
  15 blink frogs
  A dream sheep (shapeshifter) (Depths:2)
  A human simulacrum (Vaults:5)
  11 hippogriffs
  6 dream sheep
  A frost giant simulacrum (Vaults:3)
  A meliai zombie (D:14)
  29 raiju
  An ettin zombie (Vaults:4)
  13 flying skulls
  4 redbacks
  An alligator skeleton (Crypt:2)
  An ice dragon zombie (Abyss:2)
  An air elemental (Elf:2)
  43 starcursed masses
  7 wraiths
  2 shadows
  A tarantella (Elf:1)
  6 spriggans
  2 ettin skeletons (Crypt:2)
  11 ushabtiu (Crypt:3)
  A ynoxinul (Abyss:4)
  7 ice dragon skeletons
  2 vampires (D:15)
  A wyvern (Lair:4)
  11 water elementals
  A black mamba skeleton (Crypt:1)
  A dire elephant simulacrum (Abyss:3)
  A hog (shapeshifter) (Vaults:5)
  19 humans
  A basilisk (shapeshifter) (Elf:2)
  9 fire elementals
  2 basilisks
  53 yaks
  7 hogs
  4 golden eyes (Abyss:4)
  A steam dragon (Snake:4)
  8 neqoxecs
  A golden eye (shapeshifter) (Vaults:3)
  4 chaos spawn
  5 hungry ghosts
  6 vampire mosquitoes
  6 insubstantial wisps (Abyss:4)
  A naga (shapeshifter) (Vaults:3)
  69 nagas
  A spatial vortex (Abyss:4)
  A soldier ant (shapeshifter) (Vaults:1)
  5 acid dragons
  A warg (Vaults:3)
  10 water moccasins
  2 tengu zombies
  3 floating eyes
  13 porcupines
  A faun skeleton (Crypt:3)
  11 hell hounds
  4 phantoms
  20 orc warriors
  A sky beast (shapeshifter) (Gauntlet)
  2 slaves (D:8)
  A swamp dragon zombie (Crypt:1)
  2 deep troll skeletons
  2 merfolk skeletons
  2 sky beasts
  35 ogres
  A necrophage (Crypt:2)
  28 ice beasts
  A black bear (D:11)
  3 eyes of draining
  28 wolves
  3 boggarts
  2 snapping turtle skeletons
  A crocodile (shapeshifter) (Depths:3)
  A blink frog skeleton (Crypt:2)
  A swamp dragon skeleton (Crypt:2)
  34 centaurs
  10 crocodiles
  2 earth elementals
  5 big kobolds
  19 bullfrogs
  A cyclops zombie (Crypt:1)
  16 small abominations
  A wyvern skeleton (D:12)
  6 scorpions
  17 killer bees
  23 wights
  2 troll zombies (D:12)
  2 howler monkeys
  A centaur zombie (D:5)
  2 electric eels
  9 crimson imps
  6 jellies
  3 quasits
  A demonspawn zombie (Crypt:2)
  A bullfrog zombie (D:11)
  19 orc priests
  3 bullfrog skeletons
  6 hounds
  An iron imp (Depths:3)
  3 centaur skeletons
  7 worker ants
  43 orc wizards
  4 iguanas
  2 killer bee zombies
  6 ogre zombies (D:12)
  3 naga skeletons
  A big kobold skeleton (Crypt:1)
  A hound skeleton (D:9)
  6 mummies (Crypt:3)
  4 gnolls (D:9)
  2 howler monkey skeletons
  22 adders
  2 river rats
  4 shadow imps
  5 white imps
  4 ufetubi
  An ooze (D:1)
  2 adder zombies
  A lava snake zombie (Crypt:2)
  An adder skeleton (D:10)
  5 worms
  4 dart slugs (D:1)
  4 leopard geckos
  97 orcs
  12 giant cockroaches
  7 goblins
  7 hobgoblins
  4 jackals
  4 quokkas
  2 ball pythons
  A ball python zombie (D:6)
  9 bats
  5 frilled lizards
  A giant cockroach zombie (Crypt:3)
  A goblin skeleton (D:12)
  4 goblin zombies (D:12)
  3 hobgoblin skeletons (D:12)
  5 hobgoblin zombies
  35 kobolds
  An orc skeleton (D:12)
  11 orc zombies (D:12)
  3 quokka skeletons
  12 rats
  A crawling corpse (Elf:3)
  2 plants (Shoals:4)
  15 starspawn tentacles
  4 tentacles (Shoals:1)
2599 creatures vanquished.

Vanquished Creatures (collateral kills)
  A deep elf master archer (Elf:3)
  A deep elf death mage (Elf:3)
  A yaktaur captain (Vaults:5)
  2 deep elf high priests (Elf:3)
  A naga sharpshooter (Snake:4)
  A naga ritualist (Snake:4)
  A faun (Shoals:3)
  2 nagas (Snake:4)
  4 crawling corpses (Elf:3)
14 creatures vanquished.

Vanquished Creatures (others)
  A harpy (Shoals:4)
  A deep elf archer (Elf:2)
  A yaktaur (D:15)
  An ettin zombie (Vaults:5)
  A human (Snake:1)
  A naga (Snake:4)
  2 slaves (D:9)
  A boggart (Depths:2)
  A centaur (Shoals:3)
  An orc wizard (Orc:2)
  An orc (Vaults:3)
  An orc zombie (D:12)
  88 fungi
  A lurking horror (Abyss:4)
  81 plants
  32 starspawn tentacles
  4 tentacles (Shoals:1)
  4 withered plants (Elf:3)
223 creatures vanquished.

Grand Total: 2836 creatures vanquished

Notes
Turn   | Place    | Note
-------+----------+-------------------------------------------
     0 | D:1      | Lauz the Minotaur Berserker began the quest for the Orb.
     0 | D:1      | Reached XP level 1. HP: 19/19 MP: 0/0
    97 | D:1      | Reached XP level 2. HP: 16/27 MP: 1/1
   354 | D:1      | Reached XP level 3. HP: 29/33 MP: 2/2
   691 | D:2      | Found a sacrificial altar of Ru.
   713 | D:2      | Found a radiant altar of Vehumet.
   736 | D:2      | Reached ** piety under Trog
  1046 | D:2      | Reached skill level 5 in Long Blades
  1163 | D:2      | Reached XP level 4. HP: 24/41 MP: 3/3
  1970 | D:3      | Reached XP level 5. HP: 47/47 MP: 4/4
  2238 | D:3      | Found a glowing golden altar of the Shining One.
  2511 | D:4      | Found a stormy altar of Qazlal.
  2668 | D:4      | Reached *** piety under Trog
  2727 | D:4      | Found a glowing drain.
  2740 | Sewer    | Entered a sewer
  3171 | Sewer    | Found a glowing silver altar of Zin.
  3495 | D:4      | You fall through a shaft for 3 floors!
  3508 | D:7      | Noticed an ogre
  3511 | D:7      | Reached XP level 6. HP: 49/53 MP: 5/5
  3524 | D:7      | Found a runed translucent gate.
  3524 | D:7      | Found a runed translucent gate.
  3524 | D:7      | Found a runed translucent gate.
  3525 | D:7      | Noticed an orc warrior
  3525 | D:7      | Noticed a warg
  3525 | D:7      | Identified the +11 chain mail "Ryrel" {Slay+2}
  3525 | D:7      | Noticed an orc warrior
  3525 | D:7      | Noticed MordorOrchid's ghost (novice OpTm)
  3526 | D:7      | Noticed an ice beast
  3536 | D:7      | Noticed an ice beast
  3552 | D:7      | Killed an ice beast
  3552 | D:7      | Reached skill level 5 in Fighting
  3553 | D:7      | Killed an ice beast
  3553 | D:7      | Reached XP level 7. HP: 18/61 MP: 6/6
  3809 | D:7      | Found a roughly hewn altar of Beogh.
  3865 | D:7      | Found a staircase to the Ecumenical Temple.
  3998 | D:7      | Found Zapnam's Food Shop.
  4088 | D:5      | Entered Level 5 of the Dungeon
  4376 | D:5      | Reached **** piety under Trog
  4376 | D:5      | Reached XP level 8. HP: 50/70 MP: 7/7
  4441 | D:5      | Reached skill level 5 in Armour
  4991 | D:6      | Found Zuguungepo's General Store.
  5053 | D:6      | Reached skill level 10 in Long Blades
  5356 | D:6      | Found an ancient bone altar of Kikubaaqudgha.
  5785 | D:7      | Found a basalt altar of Yredelemnul.
  6339 | D:7      | Killed MordorOrchid's ghost
  6339 | D:7      | Reached skill level 5 in Dodging
  6339 | D:7      | Reached XP level 9. HP: 77/78 MP: 8/8
  6679 | D:8      | Noticed a two-headed ogre
  6683 | D:8      | Noticed Harold
  6783 | D:8      | Found a shadowy altar of Dithmenos.
  6942 | D:8      | Received a gift from Trog
  7013 | D:8      | Killed a two-headed ogre
  7451 | D:8      | Reached XP level 10. HP: 86/86 MP: 9/9
  7668 | D:8      | Paralysed by Harold for 6 turns
  7677 | D:8      | Killed Harold
  8452 | D:9      | Noticed Pikel
  8474 | D:8      | Killed Pikel
  8520 | D:9      | Found a snail-covered altar of Cheibriados.
  8520 | D:9      | Noticed Maurice
  8528 | D:9      | Killed Maurice
  8529 | D:9      | Noticed Erolcha
  8887 | D:9      | Killed Erolcha
  9084 | D:9      | Reached skill level 15 in Long Blades
  9088 | D:9      | Reached ***** piety under Trog
  9095 | D:9      | Found a shattered altar of Ashenzari.
  9273 | D:9      | Found a hide-covered altar of Uskayaw.
  9291 | D:9      | Received a gift from Trog
  9382 | D:9      | Reached XP level 11. HP: 95/95 MP: 10/10
  9758 | D:9      | Found a blossoming altar of Fedhas.
  9836 | D:10     | Entered Level 10 of the Dungeon
  9858 | D:10     | Found a staircase to the Lair.
 10393 | D:10     | Found Redara's Jewellery Emporium.
 10808 | D:11     | Reached skill level 10 in Armour
 11015 | D:11     | Received a gift from Trog
 11222 | D:11     | Reached skill level 10 in Dodging
 12011 | D:11     | Found Fytsucef's Book Shop.
 12061 | D:11     | Received a gift from Trog
 12061 | D:11     | Reached XP level 12. HP: 102/103 MP: 11/11
 12252 | D:12     | Noticed a two-headed ogre
 12260 | D:12     | Noticed a two-headed ogre
 12288 | D:12     | Noticed a seven-headed hydra
 12510 | Lair:1   | Entered Level 1 of the Lair of Beasts
 12554 | Lair:1   | Noticed Nergalle
 12573 | Lair:1   | Killed Nergalle
 12990 | Lair:1   | Found a runed translucent door.
 12992 | Lair:1   | Noticed Dymajig's ghost (novice VSTm)
 13010 | Lair:1   | Killed Dymajig's ghost
 13282 | Lair:1   | Noticed a four-headed hydra
 13449 | Lair:1   | Killed a four-headed hydra
 14539 | Lair:2   | Found a runed translucent gate.
 14539 | Lair:2   | Found a runed translucent gate.
 14539 | Lair:2   | Found a runed translucent gate.
 14540 | Lair:2   | Noticed a minotaur
 14540 | Lair:2   | Noticed pedritolo's ghost (journeyman HuCj)
 14577 | Lair:2   | Killed a minotaur
 14577 | Lair:2   | Reached XP level 13. HP: 108/108 MP: 12/12
 14592 | Lair:2   | Killed pedritolo's ghost
 14687 | Lair:2   | Found a staircase to the Shoals.
 14730 | Lair:2   | Found a staircase to the Snake Pit.
 14943 | Lair:3   | Found a gate leading to a gauntlet.
 14954 | Gauntlet | Entered a Gauntlet
 14954 | Gauntlet | Found a transporter.
 14954 | Gauntlet | Found a transporter.
 14954 | Gauntlet | Found a transporter.
 15048 | Gauntlet | Found a transporter.
 15049 | Gauntlet | Found a transporter.
 15053 | Gauntlet | Found a transporter.
 15059 | Gauntlet | Found a transporter.
 15062 | Gauntlet | Found a transporter.
 15064 | Gauntlet | Found a transporter.
 15064 | Gauntlet | Found a transporter.
 15072 | Gauntlet | Found a transporter.
 15073 | Gauntlet | Found a transporter.
 15101 | Gauntlet | Noticed an ettin
 15101 | Gauntlet | a lindwurm changed into an ettin
 15105 | Gauntlet | an ettin changed into something unseen
 15379 | Gauntlet | Got a pair of smoking boots
 15385 | Gauntlet | Identified the +4 pair of boots of Mipiat {Dex+4} (You
                  | found it in a Gauntlet)
 15437 | Gauntlet | Received a gift from Trog
 15464 | Gauntlet | Got a translucent glass ring
 15467 | Gauntlet | Identified the ring "Mautt" {*Corrode rN+ EV+5 Dex+4
                  | Stlth+} (You found it in a Gauntlet)
 15486 | Gauntlet | Noticed a minotaur
 15505 | Gauntlet | Killed a minotaur
 18170 | Lair:5   | Found an iron altar of Okawaru.
 18542 | Lair:5   | Reached XP level 14. HP: 118/118 MP: 13/13
 18557 | Lair:5   | Found a transporter.
 18563 | Lair:5   | Found a bloodstained altar of Trog.
 18565 | Lair:5   | Found a transporter.
 18576 | Lair:5   | Reached ****** piety under Trog
 18578 | Lair:5   | Noticed vatarom's ghost (journeyman DrCj)
 18580 | Lair:5   | Identified the +11 trident of the Eternal Warrior {speed,
                  | *Rage rF+ rN++}
 18645 | Lair:5   | Killed vatarom's ghost
 18916 | Lair:5   | Got a transparent marble ring
 18926 | Lair:5   | Identified the ring "Iduohu" {MR+ Str+3 Stlth+} (You found
                  | it on level 5 of the Lair of Beasts)
 19183 | Lair:5   | Found a viscous altar of Jiyva.
 19183 | Lair:5   | Found a staircase to the Slime Pits.
 19655 | D:12     | Reached skill level 10 in Fighting
 19665 | D:12     | Received a gift from Trog
 19904 | D:12     | Found a staircase to the Orcish Mines.
 20449 | D:13     | Noticed Nessos
 20459 | D:13     | Killed Nessos
 20470 | D:13     | Received a gift from Trog
 20630 | D:13     | Found Xiamuobb's Assorted Antiques.
 20653 | D:13     | Found a gate to the Vaults.
 20664 | D:13     | Identified the +5 ring mail of Listlessness {Dex+2} (You
                  | found it on level 13 of the Dungeon)
 20778 | D:13     | Received a gift from Trog
 21211 | D:14     | Reached skill level 15 in Armour
 21257 | D:14     | Found a frozen archway.
 21267 | IceCv    | Entered an ice cave
 21502 | IceCv    | Got a smoking tin ring
 21509 | IceCv    | Identified the ring of the Foremost Blessings {*Tele rElec
                  | rPois rC- Slay+2} (You found it in an ice cave)
 21871 | D:14     | Reached XP level 15. HP: 94/130 MP: 14/14
 22125 | D:14     | Found Fyiv's Distillery.
 22340 | D:15     | Entered Level 15 of the Dungeon
 22450 | D:15     | Found a white marble altar of Elyvilon.
 22665 | D:15     | Received a gift from Trog
 22666 | D:15     | Found the +11 plutonium sword {*Contam Stlth-}
 23406 | D:15     | Noticed Louise
 23413 | D:15     | Killed Louise
 23880 | D:15     | Found a staircase to the Depths.
 24018 | Orc:1    | Entered Level 1 of the Orcish Mines
 24548 | Orc:2    | Entered Level 2 of the Orcish Mines
 24603 | Orc:2    | Found Syoxyczu's Food Emporium.
 24797 | Orc:2    | Found a staircase to the Elven Halls.
 24852 | Orc:2    | Received a gift from Trog
 24927 | Orc:2    | Gained mutation: [You do not regenerate when monsters are
                  | visible.] [mutagenic glow]
 25261 | Orc:2    | Found Fiosk's Antique Weapon Emporium.
 25294 | Orc:2    | Found Lonwyilu's Gadget Shoppe.
 25333 | Orc:2    | Found a radiant altar of Vehumet.
 25374 | Orc:2    | Found an ancient bone altar of Kikubaaqudgha.
 25409 | Orc:2    | Found a roughly hewn altar of Beogh.
 25409 | Orc:2    | Found Tusk's Magic Scroll Emporium.
 25410 | Orc:2    | Found Kiomaf's Antique Weapon Shoppe.
 25833 | Shoals:1 | Entered Level 1 of the Shoals
 25968 | Shoals:1 | Found Bumov's Gadget Boutique.
 26033 | Shoals:1 | Found Zecovoz's Antique Weapon Boutique.
 26214 | Shoals:1 | Noticed Aizul
 26230 | Shoals:1 | Noticed a kraken
 26231 | Shoals:1 | Killed Aizul
 26623 | Shoals:1 | Killed a kraken
 26727 | Shoals:1 | Found Qodwih's Antique Weapon Shop.
 26753 | Shoals:1 | Received a gift from Trog
 26804 | Shoals:1 | Gained mutation: [You tend to lose your temper in combat.]
                  | [mutagenic glow]
 27267 | Shoals:2 | Reached XP level 16. HP: 91/141 MP: 15/15
 28944 | Shoals:1 | Lost mutation: [You tend to lose your temper in combat.]
                  | [potion of mutation]
 28944 | Shoals:1 | Gained mutation: You are agile. (Dex +2) [potion of
                  | mutation]
 28944 | Shoals:1 | Gained mutation: You are resistant to hostile enchantments.
                  | (MR+) [potion of mutation]
 28945 | Shoals:1 | Lost mutation: You are agile. (Dex +2) [potion of mutation]
 28945 | Shoals:1 | Lost mutation: [You do not regenerate when monsters are
                  | visible.] [potion of mutation]
 28945 | Shoals:1 | Lost mutation: You are resistant to hostile enchantments.
                  | (MR+) [potion of mutation]
 28945 | Shoals:1 | Gained mutation: [You occasionally shout uncontrollably at
                  | your foes.] [potion of mutation]
 28945 | Shoals:1 | Gained mutation: You have large cloven feet. [potion of
                  | mutation]
 29128 | Shoals:3 | Found a glowing silver altar of Zin.
 29154 | Shoals:3 | Received a gift from Trog
 29228 | Shoals:4 | Entered Level 4 of the Shoals
 30201 | Shoals:4 | Got a faintly glowing steel ring
 30203 | Shoals:4 | Identified the ring of the Aged Runes {rPois Int+2 Stlth+}
                  | (You found it on level 4 of the Shoals)
 31271 | Shoals:4 | Received a gift from Trog
 31956 | Shoals:4 | Got a barnacled rune of Zot
 31985 | Shoals:4 | Reached XP level 17. HP: 111/152 MP: 16/16
 32044 | Shoals:4 | HP: 7/152 [poisoned by a merfolk javelineer]
 32051 | Shoals:4 | HP: 7/152 [poisoned by a merfolk javelineer]
 32058 | Shoals:4 | HP: 7/152 [poisoned by a merfolk javelineer]
 32795 | D:11     | Bought a manual of Throwing for 1656 gold pieces
 32930 | Snake:1  | Entered Level 1 of the Snake Pit
 32934 | Snake:1  | Noticed Kirke
 32950 | Snake:1  | Killed Kirke
 33113 | Snake:1  | You fall through a shaft!
 33660 | Snake:2  | Received a gift from Trog
 34471 | Snake:3  | Found Fopeozxyss's Armour Shoppe.
 34522 | Snake:3  | Noticed Nikola
 34643 | Snake:3  | Noticed Nikola
 34643 | Snake:3  | Nikola changed into Nikola the golden dragon
 34648 | Snake:3  | Killed Nikola the golden dragon
 35330 | Snake:3  | Noticed Azrael
 35345 | Snake:3  | Killed Azrael
 35651 | Snake:4  | Entered Level 4 of the Snake Pit
 35686 | Snake:4  | Received a gift from Trog
 36013 | Snake:4  | Noticed Asterion
 36034 | Snake:4  | Killed Asterion
 36034 | Snake:4  | Reached skill level 15 in Fighting
 36887 | Snake:4  | Reached XP level 18. HP: 154/163 MP: 17/17
 37187 | Snake:4  | Received a gift from Trog
 37499 | Snake:4  | Got a serpentine rune of Zot
 37562 | Snake:4  | Identified the +10 hunting sling "Feheil" {venom, rN+}
 37936 | Snake:4  | Received a gift from Trog
 39082 | Slime:1  | Entered Level 1 of the Pits of Slime
 39099 | Slime:1  | Reached skill level 15 in Dodging
 39105 | Slime:1  | Gained mutation: [You are frail. (-10% HP)] [a shining eye]
 39112 | Slime:1  | Gained mutation: [Your body sometimes deteriorates upon
                  | taking damage.] [a shining eye]
 40350 | Elf:1    | Entered Level 1 of the Elven Halls
 40592 | Elf:1    | Received a gift from Trog
 40857 | Elf:1    | Noticed Agnes
 40863 | Elf:1    | Killed Agnes
 40863 | Elf:1    | Reached XP level 19. HP: 144/159 MP: 18/18
 41419 | Elf:2    | Received a gift from Trog
 41611 | Elf:2    | Found a runed translucent gate.
 41611 | Elf:2    | Found a runed translucent gate.
 41611 | Elf:2    | Found a runed translucent gate.
 41684 | Elf:2    | Found Meurusm's One-of-a-Kind Books.
 42396 | Elf:2    | Received a gift from Trog
 42742 | Elf:3    | Entered Level 3 of the Elven Halls
 42828 | Elf:3    | Found a runed translucent gate.
 42828 | Elf:3    | Found a runed translucent gate.
 42829 | Elf:3    | Found a runed translucent gate.
 42834 | Elf:3    | Noticed Lauz's ghost (adept MiBe)
 42834 | Elf:3    | Noticed poirepourri's ghost (veteran GrFi)
 42834 | Elf:3    | Noticed EtherCrawl's ghost (veteran GnEn)
 43689 | Elf:3    | Received a gift from Trog
 44405 | Elf:3    | Identified the +0 flail of Qekliv {venom, Str-5 Int+6
                  | Dex+8}
 44427 | Elf:3    | Identified the +3 scale mail of Tipluit {rC+ MP+9 Str+2
                  | Dex-3}
 45190 | Elf:3    | Identified the cursed +1 fire dragon scales "Zeotarghish"
                  | {rF++ rC- rN+ Dex+3 Stlth+}
 45190 | Elf:3    | Identified the ring of Suspicion {*Corrode +Fly rElec rN+}
 45600 | Elf:3    | Received a gift from Trog
 45619 | Elf:3    | Reached XP level 20. HP: 112/171 MP: 19/19
 46068 | Elf:3    | Identified the Tome of Ash
 46072 | Elf:3    | Got a pair of dazzling gloves
 46083 | Elf:3    | Identified the +2 pair of gloves "Uxior" {rPois} (You found
                  | it on level 3 of the Elven Halls)
 46260 | Elf:3    | Killed EtherCrawl's ghost
 46288 | Elf:3    | Killed poirepourri's ghost
 46294 | Elf:3    | Killed Lauz's ghost
 46697 | Vaults:1 | Entered Level 1 of the Vaults
 47326 | Vaults:1 | Received a gift from Trog
 48628 | Vaults:2 | Received a gift from Trog
 48633 | Vaults:2 | Got an iridescent great sword {god gift}
 48634 | Vaults:2 | Identified the +6 great sword of the Hand {drain, rC+}
                  | (Trog gifted it to you on level 2 of the Vaults)
 48643 | Vaults:2 | Gained mutation: [You do not regenerate when monsters are
                  | visible.] [mutagenic glow]
 48827 | Vaults:2 | Found a staircase to the Crypt.
 49075 | Vaults:2 | Reached skill level 1 in Throwing
 49449 | Vaults:2 | Identified the Guide on Unstable Confrontation
 49718 | Vaults:3 | Reached XP level 21. HP: 182/182 MP: 20/20
 49740 | Vaults:3 | You fall through a shaft!
 49740 | Vaults:4 | Noticed Frederick
 49744 | Vaults:4 | Received a gift from Trog
 49753 | Vaults:4 | Killed Frederick
 50097 | Vaults:4 | Noticed Saint Roka
 50104 | Vaults:4 | Received a gift from Trog
 50116 | Vaults:4 | Killed Saint Roka
 50318 | Vaults:4 | Got a steaming great sword {god gift}
 50319 | Vaults:4 | Identified the +4 great sword of Instant Death {slice,
                  | rElec Str+3 Dex+3 Stlth-} (Trog gifted it to you on level 4
                  | of the Vaults)
 52045 | Vaults:3 | Received a gift from Trog
 52635 | Vaults:3 | Lost mutation: [You are frail. (-10% HP)] [potion of
                  | mutation]
 52635 | Vaults:3 | Lost mutation: [You occasionally shout uncontrollably at
                  | your foes.] [potion of mutation]
 52635 | Vaults:3 | Lost mutation: [You do not regenerate when monsters are
                  | visible.] [potion of mutation]
 52635 | Vaults:3 | Gained mutation: You are somewhat resistant to further
                  | mutation. [potion of mutation]
 52636 | Vaults:3 | Lost mutation: [Your body sometimes deteriorates upon
                  | taking damage.] [potion of mutation]
 52636 | Vaults:3 | Lost mutation: You have large cloven feet. [potion of
                  | mutation]
 52636 | Vaults:3 | Lost mutation: You are somewhat resistant to further
                  | mutation. [potion of mutation]
 52636 | Vaults:3 | Gained mutation: You are agile. (Dex +2) [potion of
                  | mutation]
 52636 | Vaults:3 | Gained mutation: You have a pair of large horns on your
                  | head. [potion of mutation]
 52636 | Vaults:3 | Gained mutation: Your muscles are strong. (Str +2) [potion
                  | of mutation]
 53192 | Depths:1 | Entered Level 1 of the Depths
 53360 | Depths:1 | Found a gateway to Hell.
 53877 | Depths:1 | Found a gateway to a ziggurat.
 54306 | Depths:1 | Reached XP level 22. HP: 151/215 MP: 21/21
 54605 | Depths:2 | Received a gift from Trog
 54606 | Depths:2 | Found a one-way gate to the infinite horrors of the Abyss.
 55008 | Depths:2 | Got a wavering iron amulet
 55091 | Depths:2 | Identified the amulet "Pasepp" {Harm *Drain Int+3} (You
                  | found it on level 2 of the Depths)
 55768 | Depths:3 | Found Ruowo's Weapon Shop.
 55864 | Depths:3 | Received a gift from Trog
 56404 | Depths:3 | Noticed a juggernaut
 56405 | Depths:3 | Noticed a caustic shrike
 56414 | Depths:3 | Killed a juggernaut
 56425 | Depths:3 | Killed a caustic shrike
 56456 | Depths:3 | Got a bound golden ring
 56457 | Depths:3 | Identified the cursed ring "Goler" {-Tele rPois Int+4 Dex-2
                  | Stlth+} (You found it on level 3 of the Depths)
 56467 | Depths:3 | Identified the +8 plate armour of Responsibility {rF- rC++
                  | Int+4} (You found it on level 3 of the Depths)
 56683 | Depths:3 | Found a portal to a secret trove of treasure.
 56704 | Depths:3 | Found Zethedar's General Store.
 56957 | Depths:3 | Received a gift from Trog
 56963 | Depths:3 | Found a one-way gate leading to the halls of Pandemonium.
 56966 | Depths:3 | Lost mutation: You are agile. (Dex +2) [a neqoxec]
 57013 | Depths:3 | Found Qyl Vuog's Jewellery Boutique.
 57063 | Depths:3 | Reached XP level 23. HP: 227/227 MP: 22/22
 57117 | Depths:3 | Found Caddov's Food Emporium.
 57359 | Depths:3 | Found a runed translucent door.
 57360 | Depths:3 | Noticed Xifurr's ghost (adept VSFi)
 57369 | Depths:3 | Killed Xifurr's ghost
 57628 | Depths:4 | Noticed Xtahua
 57642 | Depths:3 | Killed Xtahua
 57919 | Depths:4 | Found a transporter.
 57919 | Depths:4 | Found a transporter.
 57976 | Depths:4 | Found a transporter.
 58001 | Depths:4 | Found a transporter.
 58002 | Depths:4 | Found the +2 shield of Resistance {rF+ rC+ MR+}
 58004 | Depths:4 | Found a transporter.
 58085 | Depths:4 | Noticed Boris
 58098 | Depths:4 | Killed Boris
 58356 | Depths:4 | Received a gift from Trog
 58721 | Depths:5 | Entered Level 5 of the Depths
 58794 | Depths:5 | Noticed Sojobo
 58814 | Depths:5 | Killed Sojobo
 59025 | Depths:5 | Noticed Boris
 59036 | Depths:5 | Killed Boris
 59249 | Depths:5 | Found a gate to the Realm of Zot.
 59593 | Depths:5 | Received a gift from Trog
 60659 | Crypt:1  | Entered Level 1 of the Crypt
 60665 | Crypt:1  | Noticed Boris
 60668 | Crypt:1  | Gained mutation: [You are clumsy. (Dex -2)] [mutagenic
                  | glow]
 60680 | Crypt:1  | Reached XP level 24. HP: 146/238 MP: 22/22
 60694 | Crypt:1  | Killed Boris
 61025 | Crypt:1  | Received a gift from Trog
 61040 | Crypt:1  | Reached skill level 27 in Long Blades
 61982 | Crypt:2  | Noticed dhn's ghost (veteran MiFi)
 61983 | Crypt:2  | Found a runed translucent door.
 62056 | Crypt:2  | Killed dhn's ghost
 62187 | Crypt:2  | Received a gift from Trog
 62236 | Crypt:2  | Noticed Boris
 62245 | Crypt:2  | Killed Boris
 62455 | Crypt:2  | Identified the amulet of Departure {Inacc rF+} (You found
                  | it on level 2 of the Crypt)
 62461 | Crypt:2  | Received a gift from Trog
 62500 | Crypt:2  | Identified the +9 arbalest of a Gauntlet {elec, rF+ MR++}
                  | (You found it on level 2 of the Crypt)
 62502 | Crypt:2  | Reached XP level 25. HP: 224/249 MP: 22/22
 62769 | Crypt:3  | Entered Level 3 of the Crypt
 62952 | Crypt:3  | Found a staircase to the Tomb.
 63713 | Crypt:3  | Received a gift from Trog
 63714 | Crypt:3  | Found the +0 sword of Power
 63739 | Crypt:3  | Noticed a greater mummy
 63750 | Crypt:3  | Killed a greater mummy
 64646 | Crypt:3  | Identified the ring "Hidwuh" {Fire MR+} (You found it on
                  | level 3 of the Crypt)
 65306 | Vaults:5 | Entered Level 5 of the Vaults
 65340 | Vaults:5 | Received a gift from Trog
 65351 | Vaults:5 | Reached XP level 26. HP: 244/256 MP: 22/22
 65836 | Vaults:5 | Noticed an ancient lich
 65842 | Vaults:5 | Killed an ancient lich
 65845 | Vaults:5 | Received a gift from Trog
 66089 | Vaults:5 | Reached skill level 27 in Armour
 66245 | Vaults:5 | Noticed Mara
 66251 | Vaults:5 | Noticed Mara
 66251 | Vaults:5 | Mara changed into Mara the doom hound
 66262 | Vaults:5 | Killed Mara
 66431 | Vaults:5 | Identified 3 scrolls of acquirement
 66498 | Vaults:5 | Found the +2 pair of boots of the Assassin {Detection Stab+
                  | Stlth++}
 66499 | Vaults:5 | Identified the +2 pair of boots of Apathy {+Fly rElec MR+
                  | Int-3} (You acquired it on level 5 of the Vaults)
 66756 | Vaults:5 | Noticed Boris
 66766 | Vaults:5 | Killed Boris
 66922 | Vaults:5 | Received a gift from Trog
 67003 | Vaults:5 | Identified the ring "Miref" {Str+5 SInv Stlth-}
 67024 | Vaults:5 | Got a silver rune of Zot
 67178 | Vaults:5 | Noticed an ancient lich
 67184 | Vaults:5 | Killed an ancient lich
 67184 | Vaults:5 | Reached skill level 5 in Throwing
 67209 | Vaults:5 | Identified the Compendium of Glacial Clay
 67986 | Vaults:4 | Noticed an ancient lich
 68000 | Vaults:4 | Killed an ancient lich
 68000 | Vaults:4 | Reached XP level 27. HP: 263/264 MP: 22/22
 68038 | Vaults:4 | Found Jannyeshri's Book Shop.
 68375 | Depths:2 | Voluntarily entered the Abyss.
 68375 | Abyss:1  | Found a corrupted altar of Lugonu.
 68544 | Abyss:2  | Gained mutation: [You occasionally shout uncontrollably at
                  | your foes.] [a shining eye]
 68697 | Abyss:2  | Received a gift from Trog
 68796 | Abyss:2  | Found a corrupted altar of Lugonu.
 68978 | Abyss:2  | Lost intelligence.
 69127 | Abyss:3  | Lost mutation: Your muscles are strong. (Str +2) [mutagenic
                  | glow]
 69143 | Abyss:4  | Found a corrupted altar of Lugonu.
 69301 | Abyss:4  | Paralysed by accursed screaming for 1 turns
 69339 | Abyss:4  | Gained mutation: [You are weak. (Str -2)] [a neqoxec]
 69436 | Abyss:4  | Received a gift from Trog
 69492 | Abyss:4  | Gained mutation: [Your body sometimes deteriorates upon
                  | taking damage.] [a neqoxec]
 69560 | Abyss:5  | Entered Level 5 of the Abyss
 69560 | Abyss:5  | Entered Level 5 of the Abyss
 69560 | Abyss:5  | Entered Level 5 of the Abyss
 69701 | Abyss:5  | Reached skill level 27 in Fighting
 69847 | Depths:2 | Escaped the Abyss
 70060 | Depths:5 | Lost mutation: [Your body sometimes deteriorates upon
                  | taking damage.] [potion of mutation]
 70060 | Depths:5 | Lost mutation: You have a pair of large horns on your head.
                  | [potion of mutation]
 70060 | Depths:5 | Lost mutation: [You occasionally shout uncontrollably at
                  | your foes.] [potion of mutation]
 70060 | Depths:5 | Lost mutation: [You are clumsy. (Dex -2)] [potion of
                  | mutation]
 70060 | Depths:5 | Gained mutation: [Armour fits poorly on your strangely
                  | shaped body.] [potion of mutation]
 70060 | Depths:5 | Gained mutation: You are partially covered in molten
                  | scales. (AC +2) [potion of mutation]
 70403 | Vaults:3 | Lost mutation: [Armour fits poorly on your strangely shaped
                  | body.] [potion of mutation]
 70403 | Vaults:3 | Lost mutation: [You are weak. (Str -2)] [potion of
                  | mutation]
 70403 | Vaults:3 | Gained mutation: Your flesh is heat resistant. (rF+)
                  | [potion of mutation]
 70403 | Vaults:3 | Gained mutation: You have a pair of large horns on your
                  | head. [potion of mutation]
 70403 | Vaults:3 | Gained mutation: Potions are less effective at restoring
                  | your health. [potion of mutation]
 70403 | Vaults:3 | Gained mutation: You expend magic power (3 MP) to
                  | strengthen your wands. [potion of mutation]
 70700 | Depths:2 | Voluntarily entered the Abyss.
 70825 | Abyss:1  | Received a gift from Trog
 70938 | Abyss:2  | Paralysed by accursed screaming for 1 turns
 71106 | Abyss:2  | Gained mutation: [Scrolls take you a little longer to
                  | read.] [a neqoxec]
 71108 | Abyss:2  | Reached skill level 1 in Crossbows
 71328 | Abyss:3  | Found a viscous altar of Jiyva.
 71338 | Abyss:3  | Got a pair of distressingly furry gloves
 71392 | Abyss:3  | Paralysed by accursed screaming for 2 turns
 71408 | Abyss:3  | Lost intelligence.
 71418 | Abyss:3  | Paralysed by accursed screaming for 2 turns
 71423 | Abyss:3  | Paralysed by accursed screaming for 2 turns
 71423 | Abyss:3  | Noticed an ancient lich
 71426 | Abyss:3  | Paralysed by accursed screaming for 2 turns
 71431 | Abyss:3  | Paralysed by accursed screaming for 2 turns
 71442 | Abyss:3  | HP: 5/191 [starcursed mass/accursed screaming (10)]
 71442 | Abyss:3  | Paralysed by accursed screaming for 2 turns
 71443 | Abyss:3  | Killed from afar by a starcursed mass

Skill      XL: |  1  2  3  4  5  6  7  8  9 10 11 12 13 14 15 16 17 18 19 20 21 22 23 24 25 26 27 |
---------------+----------------------------------------------------------------------------------+-----
Long Blades    | 4 5 6 7 9 11 13 15 17 19 21 22 24 25 26 27 | 27.0
Fighting       | 4 5 6 7 8 9 11 12 14 15 17 19 20 22 23 24 25 27 | 27.0
Armour         | 3 4 6 7 8 10 12 14 15 16 17 18 20 21 22 23 24 25 26 27 | 27.0
Dodging        | 3 4 5 6 11 13 14 15 16 17 18 19 20 23 24 | 24.5
Throwing       | 1 4 5 7 |  7.0
Crossbows      | 1 |  1.1
Short Blades   | |  0.7
Evocations     | |  0.2

Action                   |  1- 3 |  4- 6 |  7- 9 | 10-12 | 13-15 | 16-18 | 19-21 | 22-24 | 25-27 || total
-------------------------+-------+-------+-------+-------+-------+-------+-------+-------+-------++-------
Melee: Falchion          |    56 |   178 |   246 |       |       |       |       |       |       ||   480
       Headbutt          |    10 |    21 |    53 |   114 |   342 |   374 |   420 |   381 |   359 ||  2074
       Great sword       |       |       |    15 |   516 |   332 |       |     1 |       |    12 ||   876
       Short sword       |       |       |       |    10 |    11 |       |       |       |       ||    21
       Triple sword      |       |       |       |       |   678 |  1070 |  1112 |   918 |   991 ||  4769
       Double sword      |       |       |       |       |    11 |       |       |       |       ||    11
Throw: Javelin           |       |       |       |       |    17 |     1 |     4 |    22 |    30 ||    74
Invok: Berserk           |       |     3 |     9 |     7 |     4 |     3 |     1 |     2 |     1 ||    30
       Trog's Hand       |       |       |       |     1 |     2 |     2 |     1 |     1 |     2 ||     9
       Brothers in Arms  |       |       |       |       |       |     1 |     2 |       |     2 ||     5
 Abil: Evoke Flight      |       |       |       |       |     2 |       |       |       |       ||     2
Evoke: Wand              |       |       |       |     2 |       |       |       |       |       ||     2
  Use: Potion            |       |       |     2 |     1 |     1 |     5 |     6 |     1 |     7 ||    23
       Scroll            |       |       |     9 |     2 |    25 |    18 |     8 |    15 |    18 ||    95
 Stab: Paralysed         |       |       |       |     5 |       |       |       |       |       ||     5
       Sleeping          |       |       |       |     3 |       |       |       |       |       ||     3
       Distracted        |       |       |       |       |       |       |       |     1 |       ||     1
  Eat: Chunk             |       |    11 |    15 |    16 |    42 |    17 |    28 |    15 |    12 ||   156
       Ration            |       |       |     2 |     4 |     2 |     9 |     5 |     4 |     6 ||    32
Armor: Animal skin       |    10 |     7 |       |       |       |       |       |       |       ||    17
       Leather armour    |       |    31 |    59 |    86 |       |       |       |       |       ||   176
       Acid dragon scale |       |       |       |    55 |       |       |       |       |       ||    55
       Plate armour      |       |       |       |    60 |   380 |   441 |   335 |   369 |   142 ||  1727
       Ice dragon scales |       |       |       |       |    49 |       |       |       |       ||    49
       Gold dragon scale |       |       |       |       |       |       |       |       |   220 ||   220
Dodge: Dodged            |    42 |   100 |   142 |   481 |   996 |  1004 |   888 |   898 |  1078 ||  5629
Block: Other             |       |       |    11 |   116 |   154 |   198 |    50 |       |       ||   529
       Reflection        |       |       |       |     8 |    12 |    51 |     3 |       |       ||    74
       Rpst.: Falchion   |    11 |    27 |    25 |       |       |       |       |       |       ||    63
       Great sword       |       |       |     2 |   150 |    60 |       |     1 |       |       ||   213
       Triple sword      |       |       |       |       |   153 |   144 |   172 |   159 |   188 ||   816
       Double sword      |       |       |       |       |     5 |       |       |       |       ||     5
